 Dungeon Crawl Stone Soup version 0.29-a0-414-g5075937ec3 (webtiles) character file.

Game seed: 15668939728983600509

365 purpskrrrp the Twirler (level 6, -5/51 HPs)
             Began as a Gnoll Wanderer on May 16, 2022.
             Was a Priest of Kikubaaqudgha.
             Killed by nerve-wracking pain
             ... invoked by a shadow imp
              (7 damage)
             ... on level 4 of the Dungeon.
             The game lasted 00:25:35 (3685 turns).

purpskrrrp the Twirler (Gnoll Wanderer)             Turns: 3685, Time: 00:25:35

Health: -5/51      AC: 13    Str: 14    XL:     6   Next: 68%
Magic:  9/9        EV:  5    Int:  8    God:    Kikubaaqudgha [***...]
Gold:   244        SH: 16    Dex: 20    Spells: 8/9 levels left

rFire   . . .      SeeInvis .   h - +1 war axe
rCold   . . .      Faith    .   M - +0 kite shield
rNeg    . . .      Spirit   .   f - +0 chain mail
rPois   .          Reflect  +   z - +0 helmet
rElec   .          Harm     .   (no cloak)
rCorr   .          Rampage  .   (no gloves)
Will    .....                   (no boots)
Stlth   ..........              l - amulet of reflection
HPRegen 0.17/turn               C - +4 ring of protection
MPRegen 0.11/turn               i - +6 ring of dexterity

@: lethally poisoned (-5 -> -25)
A: fangs 1, strong nose, distributed training
a: Renounce Religion, Receive Corpses


You were on level 4 of the Dungeon.
You worshipped Kikubaaqudgha.
Kikubaaqudgha was most pleased with you.
You visited 1 branch of the dungeon, and saw 4 of its levels.

You collected 244 gold pieces.

Inventory:

Hand Weapons
 a - a +2 spear
 b - a +0 quarterstaff
 h - a +1 war axe (weapon)
 v - a +0 dagger
 w - a +0 dagger of pain
 F - a +2 dagger of venom
 G - a +0 quarterstaff
 K - a +0 vampiric whip
Missiles
 r - 3 boomerangs (quivered)
 I - 4 poisoned darts
Armour
 c - a +0 buckler
 e - a +0 leather armour
 f - a +0 chain mail (worn)
 k - a +0 helmet
 y - a +0 animal skin
 z - a +0 helmet (worn)
 M - a +0 kite shield (worn)
Jewellery
 i - a +6 ring of dexterity (right hand)
 j - a ring of see invisible
 l - an amulet of reflection (around neck)
 A - a ring of willpower
 C - a +4 ring of protection (left hand)
Wands
 o - a wand of acid (1)
Scrolls
 g - a scroll of vulnerability {unknown}
 m - a scroll of silence {unknown}
 s - 4 scrolls of acquirement {unknown}
 t - 2 scrolls of identify {unknown}
 E - a scroll of fear {unknown}
 H - a scroll of torment
 N - a scroll of poison {unknown}
Potions
 d - 2 potions of attraction
 n - a potion of berserk rage {unknown}
 p - a potion of ambrosia {unknown}
 q - 2 potions of mutation {unknown}
 u - a potion of flight {unknown}
 x - a potion of curing
 B - a potion of might {unknown}
 J - a potion of degeneration {unknown}
 L - a potion of lignification {unknown}


   Skills:
 + Level 5.0 Fighting
 + Level 2.1 Short Blades
 + Level 2.1 Long Blades
 + Level 2.1 Axes
 + Level 2.1 Maces & Flails
 + Level 5.0 Polearms
 + Level 6.9 Staves
 + Level 2.1 Slings
 + Level 2.1 Bows
 + Level 2.1 Crossbows
 + Level 2.1 Throwing
 + Level 2.1 Armour
 + Level 2.1 Dodging
 + Level 2.1 Stealth
 + Level 5.0 Shields
 + Level 2.1 Unarmed Combat
 + Level 2.1 Spellcasting
 + Level 1.6 Conjurations
 + Level 1.6 Hexes
 + Level 1.6 Summonings
 + Level 1.6 Necromancy
 + Level 1.6 Translocations
 + Level 1.6 Transmutations
 + Level 1.6 Fire Magic
 + Level 1.6 Ice Magic
 + Level 1.6 Air Magic
 + Level 1.6 Earth Magic
 + Level 1.6 Poison Magic
 + Level 2.3 Invocations
 + Level 3.3 Evocations


You had 8 spell levels left.
You knew the following spells:

 Your Spells              Type           Power      Damage    Failure   Level
a - Animate Skeleton      Necr           6%         N/A       100%        1

Your spell library contained the following spells:

 Spells                   Type           Power      Damage    Failure   Level
 Pain                     Necr           12%        1d4       100%        1
 Sublimation of Blood     Necr           3%         N/A       100%        2
 Anguish                  Hex/Necr       1%         N/A       100%        4
 Animate Dead             Necr           1%         N/A       100%        4
 Dispel Undead            Necr           3%         3d7       100%        4
 Agony                    Necr           3%         N/A       100%        5
 Excruciating Wounds      Necr           1%         N/A       100%        5
 Simulacrum               Ice/Necr       1%         N/A       100%        6


Dungeon Overview and Level Annotations

Branches:
Dungeon (4/15)
 Temple: D:4-7

Altars:
Kikubaaqudgha
Vehumet

Shops:
D:1 =

Portals:
Abyss: D:4

Annotations:
D:4 1 transporter, Eringya's ghost, amateur OpCj


Innate Abilities, Weirdness & Mutations

You have very sharp teeth.
Your uncanny sense of smell can sniff out nearby items.
Your experience applies equally to all skills.


Message History

You block the small abomination's attack.
You block Eringya's ghost's attack.
The shadow imp hits you but does no damage.
You slash the small abomination!
The small abomination is moderately damaged.
You closely miss the shadow imp. You slash Eringya's ghost!
You block the small abomination's attack. x2
Eringya's ghost makes a sound of rattling chains.
Eringya's ghost hits you.
The shadow imp laughs crazily.
The shadow imp hits you but does no damage.
The small abomination hits you.
You completely miss the small abomination.
The small abomination is moderately damaged.
You closely miss the shadow imp. You barely miss Eringya's ghost.
The small abomination hits you!
Eringya's ghost hits you but does no damage.
You are poisoned.
The shadow imp hits you.
You block the small abomination's attack.
You block the shadow imp's attack. Eringya's ghost casts a spell at you.
The magic dart hits you.
You slash the small abomination!
The small abomination is severely damaged.
You completely miss the shadow imp. You hit Eringya's ghost.
You feel very sick.
You block the small abomination's attack. x2
Eringya's ghost hits you.
* * * LOW HITPOINT WARNING * * *
You are lethally poisoned!
The shadow imp barely misses you.
You block the small abomination's attack.
Eringya's ghost casts a spell at you. The magic dart hits you!
* * * LOW HITPOINT WARNING * * *
The shadow imp gestures at you. Pain shoots through your body!
You die...
Kikubaaqudgha rasps: "You have failed me!
Welcome... death!"

........#........................
###.....#.........©..............
........###.....####.......###...
..#......##.....#..###...###x##..
#.....>..#......##...##..# ...#..
.....#...#.##....#..#.####.#.##..
.......<.+......##§#g..5..# ##...
.#..##...#.....##W§##.#.##.##....
...............#@x#.#...##5#.....
...###.....#...##5#..###.?.###...
...........##...##§.##.### ∩ ##..
.#.........#....##.##....##.#.#..
.#.............##...###...##..#..
...............#.#..####..##.##..
...............##.©.#..#..#.W#...
..#.............####..##..##)#...
..#...............©####....###...


You could see a small abomination, Eringya's ghost and a shadow imp.

Vanquished Creatures
  A hound (D:4)
  A jelly (D:4)
  Jessica (D:2)
  An iguana (D:4)
  Natasha (thrice) (D:2)
  Robin (D:2)
  6 adders
  An ufetubus (D:4)
  2 worms (D:2)
  2 dart slugs
  An orc (D:4)
  5 endoplasms
  5 giant cockroaches
  11 goblins (D:2)
  5 hobgoblins
  7 jackals
  8 kobolds
  5 quokkas
  7 ball pythons
  7 bats
  A frilled lizard (D:2)
  23 rats
104 creatures vanquished.

Notes
Turn   | Place    | Note
-------+----------+-------------------------------------------
     0 | D:1      | purpskrrrp the Gnoll Wanderer began the quest for the Orb.
     0 | D:1      | purpskrrrp set off with the following items: a +2 spear, a
                  | +0 quarterstaff, a +0 buckler, a potion of attraction, a +0
                  | leather armour
     0 | D:1      | Reached XP level 1. HP: 20/20 MP: 1/1
   150 | D:1      | Found Poasmepo's Jewellery Boutique.
   240 | D:1      | Reached XP level 2. HP: 23/26 MP: 2/2
  1033 | D:1      | Found a faded altar of an unknown god.
  1197 | D:1      | Prayed at the altar of an unknown god.
  1197 | D:1      | Became a worshipper of Kikubaaqudgha
  1197 | D:1      | Reached * piety under Kikubaaqudgha
  1197 | D:1      | Received a gift from Kikubaaqudgha
  1200 | D:1      | Learned a level 1 spell: Animate Skeleton
  1301 | D:2      | Reached XP level 3. HP: 31/31 MP: 3/3
  1314 | D:2      | Noticed Natasha
  1322 | D:2      | Killed Natasha
  1323 | D:2      | Reached skill level 1 in Short Blades
  1323 | D:2      | Reached skill level 1 in Long Blades
  1323 | D:2      | Reached skill level 1 in Axes
  1323 | D:2      | Reached skill level 1 in Maces & Flails
  1323 | D:2      | Reached skill level 1 in Slings
  1323 | D:2      | Reached skill level 1 in Bows
  1323 | D:2      | Reached skill level 1 in Crossbows
  1323 | D:2      | Reached skill level 1 in Throwing
  1323 | D:2      | Reached skill level 1 in Armour
  1323 | D:2      | Reached skill level 1 in Dodging
  1323 | D:2      | Reached skill level 1 in Stealth
  1323 | D:2      | Reached skill level 1 in Unarmed Combat
  1323 | D:2      | Reached skill level 1 in Spellcasting
  1323 | D:2      | Reached skill level 1 in Invocations
  1355 | D:2      | Noticed Natasha
  1357 | D:2      | Killed Natasha
  1358 | D:2      | Reached XP level 4. HP: 27/38 MP: 2/5
  1466 | D:2      | Noticed Jessica
  1468 | D:2      | Killed Jessica
  1469 | D:2      | Reached skill level 1 in Conjurations
  1469 | D:2      | Reached skill level 1 in Hexes
  1469 | D:2      | Reached skill level 1 in Summonings
  1469 | D:2      | Reached skill level 1 in Necromancy
  1469 | D:2      | Reached skill level 1 in Translocations
  1469 | D:2      | Reached skill level 1 in Transmutations
  1469 | D:2      | Reached skill level 1 in Fire Magic
  1469 | D:2      | Reached skill level 1 in Ice Magic
  1469 | D:2      | Reached skill level 1 in Air Magic
  1469 | D:2      | Reached skill level 1 in Earth Magic
  1469 | D:2      | Reached skill level 1 in Poison Magic
  1551 | D:2      | Reached XP level 5. HP: 39/43 MP: 6/6
  1738 | D:2      | Noticed Natasha
  1741 | D:2      | Killed Natasha
  2159 | D:2      | Reached ** piety under Kikubaaqudgha
  2194 | D:2      | Noticed Robin
  2217 | D:2      | Killed Robin
  2472 | D:3      | Found a radiant altar of Vehumet.
  2844 | D:3      | Reached XP level 6. HP: 50/50 MP: 8/8
  2917 | D:4      | Reached *** piety under Kikubaaqudgha
  2917 | D:4      | Received a gift from Kikubaaqudgha
  3140 | D:4      | Reached skill level 5 in Fighting
  3140 | D:4      | Reached skill level 5 in Polearms
  3140 | D:4      | Reached skill level 5 in Shields
  3360 | D:4      | Found a transporter.
  3362 | D:4      | Found a transporter.
  3375 | D:4      | Noticed a small abomination
  3383 | D:4      | Noticed Eringya's ghost (amateur OpCj)
  3384 | D:4      | Found a one-way gate to the infinite horrors of the Abyss.
  3685 | D:4      | HP: 2/51 [Eringya's ghost/magic dart (9)]
  3685 | D:4      | Killed from afar by a shadow imp

Illustrated notes

Levels and vault maps discovered:
D:1:      minmay_arrival_five_plusses, layout_loops_corners, serial_shops, shop,
          hellmonk_ecumenical_altar_inner_sanctum, hangedman_glass_teeth,
          minmay_misc_feat_secret_circle
D:2:      layout_loops_ring, uniq_robin, uniq_jessica, uniq_natasha
D:3:      layout_rooms, mainiacjoe_overflow_small_starburst,
          chequers_serial_rivers_micro_d, chequers_serial_rivers_room_b,
          minmay_rat_hole
D:4:      layout_basic, gammafunk_ghost_abyssal_escape

Skill      XL: |  1  2  3  4  5  6 |
---------------+-------------------+-----
Short Blades   | 1 2 |  2.1
Long Blades    | 1 2 |  2.1
Axes           | 1 2 |  2.1
Maces & Flails | 1 2 |  2.1
Slings         | 1 2 |  2.1
Bows           | 1 2 |  2.1
Crossbows      | 1 2 |  2.1
Throwing       | 1 2 |  2.1
Armour         | 1 2 |  2.1
Dodging        | 1 2 |  2.1
Stealth        | 1 2 |  2.1
Unarmed Combat | 1 2 |  2.1
Spellcasting   | 1 2 |  2.1
Invocations    | 1 2 |  2.3
Conjurations   | 1 |  1.6
Hexes          | 1 |  1.6
Summonings     | 1 |  1.6
Necromancy     | 1 |  1.6
Translocations | 1 |  1.6
Transmutations | 1 |  1.6
Fire Magic     | 1 |  1.6
Ice Magic      | 1 |  1.6
Air Magic      | 1 |  1.6
Earth Magic    | 1 |  1.6
Poison Magic   | 1 |  1.6
Evocations     | 3 |  3.3
Fighting       | 5 |  5.0
Polearms       | 5 |  5.0
Shields        | 5 |  5.0
Staves         | |  6.9

Action                   |  1- 3 |  4- 6 || total
-------------------------+-------+-------++-------
Melee: Spear             |    23 |       ||    23
       Bite              |     6 |    14 ||    20
       War axe           |    49 |   169 ||   218
Throw: Throwing net      |     4 |       ||     4
       Boomerang         |       |    12 ||    12
Evoke: Wand              |     3 |     4 ||     7
  Use: Scroll            |     1 |     2 ||     3
       Potion            |       |     2 ||     2
Armor: Chain mail        |    62 |    79 ||   141
Dodge: Dodged            |    14 |    43 ||    57
Block: Buckler           |    24 |   106 ||   130
       Reflection        |       |     2 ||     2
       Kite shield       |       |    20 ||    20

Table legend: (Time is in decaauts)
 A = Elapsed time spent in this place.
 B = Non-inter-level travel time spent in this place.
 C = Inter-level travel time spent in this place.
 D = Time resting spent in this place.
 E = Time spent auto-exploring this place.
 F = Levels seen in this place.
 G = Mean time per level.
                   A        B        C        D        E       F      G
               +--------+--------+--------+--------+--------+-----+--------+
         Total |   3789 |   3264 |    525 |    336 |   2166 |   4 |  947.2 |
       Dungeon |   3789 |   3264 |    525 |    336 |   2166 |   4 |  947.2 |
               +--------+--------+--------+--------+--------+-----+--------+

Top non-repeatable levels by time:
     D:1: 1278 daAuts
     D:2: 1134 daAuts
     D:4: 795 daAuts
     D:3: 580 daAuts
